 Dungeon Crawl Stone Soup version 0.30-a0-5-g3a90980b9d (webtiles) character file.

Game seed: 877865783858030450

9 BritishOli the Trooper (level 2, 22/24 HPs)
             Began as a Demonspawn Fighter on Aug 22, 2022.
             Got out of the dungeon alive.
             The game lasted 00:00:19 (348 turns).

BritishOli the Trooper (Demonspawn Fighter)          Turns: 348, Time: 00:00:20

Health: 22/24      AC:  6    Str: 16    XL:     2   Next: 3%
Magic:  2/2        EV:  8    Int:  9    God:
Gold:   70         SH:  4    Dex: 12    Spells: 1/1 levels left

rFire   . . .      SeeInvis .    a - +0 long sword
rCold   . . .      Faith    .    c - +0 buckler
rNeg    . . .      Spirit   .    b - +0 scale mail
rPois   .          Reflect  .    (no helmet)
rElec   .          Harm     .    (no cloak)
rCorr   .          Rampage  .    (no gloves)
Will    .....                    (no boots)
Stlth   ..........               (no amulet)
HPRegen 0.08/turn                (no ring)
MPRegen 0.08/turn                (no ring)

@: no status effects
A: demonic magic 1
a: no special abilities


You escaped.
You visited 1 branch of the dungeon, and saw 1 of its levels.

You collected 70 gold pieces.

Inventory:

Hand Weapons
 a - a +0 long sword (weapon)
Armour
 b - a +0 scale mail (worn)
 c - a +0 buckler (worn)
Scrolls
 e - a scroll of fog {unknown}
 f - a scroll of enchant weapon {unknown}
Potions
 d - a potion of might


   Skills:
 + Level 3.1 Fighting
 + Level 2.0 Long Blades
 + Level 2.8 Armour
 + Level 2.8 Shields


You had one spell level left.
You didn't know any spells.
Your spell library was empty.

Dungeon Overview and Level Annotations

Branches:
Dungeon (1/15)

Altars:


Innate Abilities, Weirdness & Mutations

Spells you cast may paralyse adjacent enemies.


Message History

A rat is nearby!
You hit the rat but do no damage. You block the rat's attack.
A rat is nearby!
You hit the rat but do no damage. The rat bites you but does no damage.
You block the rat's attack.
A rat is nearby!
You slash the rat!
You kill the rat!
Your Long Blades skill increases to level 2!
You now have 70 gold pieces (gained 12).
A goblin comes into view. It is wielding a +0 club.
A goblin is nearby!
You slash the goblin!
You kill the goblin!
No target in view!
You see here a +0 club.
f - a scroll labelled KUBIZI VUQOAD Key pressed, stopping explore.
No target in view!
Key pressed, stopping explore.
No target in view!
You open the door.
Found a leather armour.
No target in view!
A quokka comes into view.
There is an open door here.
The quokka bites you.
A quokka is nearby!
You slash the quokka!
You kill the quokka!
You have reached level 2!
Your demonic ancestry asserts itself...
A menacing aura infuses your magic.
(D) Dungeon
Where to? (? - help)
Okay, then.
There is an open door here.
There is a staircase leading out of the dungeon here.
Are you sure you want to leave the Dungeon?
This will make you lose the game!
You have escaped!

#.~≈~~≈~~~.###..'......
#....≈~≈≈~.######......
#≈.~~.~~~..~# #†.....
#~..~~~.~...# #......
#≈~..≈≈~...≈# #......
#~...~~~...~# ######.
#~~.......~≈#
#~~.).....~≈#
#≈≈~..@...≈≈#
#≈≈≈≈....~≈≈#
#≈≈≈≈≈≈.~~≈≈#
#≈≈≈≈≈~~~≈≈≈#
#############


There were no monsters in sight!

Vanquished Creatures
  An endoplasm (D:1)
  2 goblins (D:1)
  A quokka (D:1)
  4 frilled lizards (D:1)
  2 rats (D:1)
10 creatures vanquished.

Notes
Turn   | Place    | Note
-------+----------+-------------------------------------------
     0 | D:1      | BritishOli the Demonspawn Fighter began the quest for the
                  | Orb.
     0 | D:1      | Reached XP level 1. HP: 18/18 MP: 1/1
   327 | D:1      | Gained mutation: Spells you cast may paralyse adjacent
                  | enemies. [demonic ancestry]
   327 | D:1      | Reached XP level 2. HP: 20/24 MP: 2/2
   348 | D:$      | Got out of the dungeon alive.

Illustrated notes

Levels and vault maps discovered:
D:1:      dpeg_arrival_more_subterranean_lakeside_camping, layout_basic,
          ebering_ecumenical_altar_mist, bh_walls_and_bars

Skill      XL: |  1 |
---------------+----+-----
Long Blades    | 2 |  2.0
Fighting       | |  3.1
Armour         | |  2.8
Shields        | |  2.8

Action                   || total
-------------------------++-------
Melee: Long sword        ||    29
Armor: Scale mail        ||    12
Dodge: Dodged            ||    15
Block: Buckler           ||     2

Table legend: (Time is in decaauts)
 A = Elapsed time spent in this place.
 B = Non-inter-level travel time spent in this place.
 C = Inter-level travel time spent in this place.
 D = Time resting spent in this place.
 E = Time spent auto-exploring this place.
 F = Levels seen in this place.
 G = Mean time per level.
                   A        B        C        D        E       F      G
               +--------+--------+--------+--------+--------+-----+--------+
         Total |    360 |    340 |     20 |      0 |    270 |   1 |  360.0 |
       Dungeon |    360 |    340 |     20 |      0 |    270 |   1 |  360.0 |
               +--------+--------+--------+--------+--------+-----+--------+

Top non-repeatable levels by time:
     D:1: 360 daAuts
